Map: Ulrena

Players

hydra

  • Race: Zerg Zerg
  • League: Master

Happy - Winner!

  • Race: Terran Terran
  • League: Grandmaster

Event: 2016 WCS Winter Circuit Championship

VOD

Have the link to the VOD?

Description

Time

  • Played on: March 2, 2016, 4:09 p.m.
  • Length: 12:12

All games in this series

Show
View Real Time Build Order
Export as new Build Order

hydra Zerg 

Build Orders: Hatch First 

Get SALT Encoding   

  12  0:00  Drone  
  13  0:12  Overlord  
  13  0:17  Drone  
  14  0:30  Drone x2  
  14  0:34  Drone  
  17  0:52  Hatchery  
  17  0:54  Drone  
  17  0:57  Drone  
  17  1:01  Extractor  
  17  1:13  Spawning Pool  
  17  1:17  Drone  
  17  1:21  Drone  
  18  1:28  Drone  
  19  1:38  Overlord  
  19  1:59  Queen  
  19  2:00  Zergling x4  
  23  2:02  Metabolic Boost  
  23  2:05  Queen  
  25  2:09  Drone  
  25  2:11  Drone  
  27  2:15  Drone  
  27  2:21  Extractor  
  27  2:23  Zergling x2  
  27  2:25  Drone  
  28  2:33  Drone  
  28  2:36  Drone  
  30  2:37  Spore Crawler  
  30  2:43  Drone  
  30  2:46  Queen  
  30  2:50  Overlord  
  33  2:54  Drone  
  34  3:00  Lair  
  34  3:04  Drone  
  35  3:09  Drone x2  
  35  3:10  Drone  
  38  3:13  Drone  
  38  3:15  Drone  
  40  3:20  Extractor  
  40  3:23  Overlord  
  40  3:26  Drone  
  40  3:27  Drone  
  40  3:30  Extractor, Drone  
  40  3:34  Extractor, Drone  
  42  3:38  Drone  
  42  3:39  Drone  
  43  3:43  Drone x2  
  43  3:44  Drone  
  43  3:45  Drone  
  47  3:50  Drone  
  48  3:57  Spire  
  48  3:58  Drone  
  48  4:00  Drone  
  48  4:02  Drone  
  50  4:06  Overlord  
  50  4:08  Overseer  
  50  4:14  Spine Crawler  
  50  4:15  Drone  
  50  4:19  Drone  
  51  4:24  Drone  
  51  4:25  Drone  
  51  4:26  Drone  
  51  4:28  Drone  
  51  4:30  Drone  
  56  4:31  Drone  
  56  4:33  Drone  
  58  4:41  Hatchery  
  58  4:45  Zergling x4  
  57  4:51  Zergling x2  
  55  4:55  Overlord  
  55  4:59  Spire  
  55  5:03  Drone  
  55  5:06  Drone  
  57  5:09  Overlord x2  
  57  5:16  Roach Warren, Drone, Evolution Chamber  
  57  5:17  Drone  
  57  5:22  Overseer  
  55  5:28  Zergling x2  
  55  5:29  Zergling x2  
  55  5:31  Zergling x4  
  55  5:32  Zergling x2  
  58  5:36  Drone  
  58  5:38  Overlord  
  59  5:43  Zerg Missile Weapons Level 1  
  59  5:56  Glial Reconstitution  
  59  6:12  Mutalisk x5  
  59  6:13  Mutalisk x4  
  77  6:20  Drone x5  
  77  6:22  Drone  
  83  6:27  Overlord  
  83  6:28  Drone  
  83  6:29  Overlord x2  
  84  6:33  Overlord  
  84  6:43  Overlord  
  84  6:46  Drone x2  
  84  6:47  Drone x2  
  86  6:50  Drone  
  86  6:51  Drone  
  86  6:53  Drone  
  90  6:56  Roach  
  92  7:01  Drone, Extractor  
  92  7:02  Extractor, Drone  
  92  7:05  Roach  
  92  7:06  Roach x5  
  104  7:10  Overlord  
  104  7:11  Overlord  
  104  7:18  Roach  
  104  7:19  Evolution Chamber  
  104  7:21  Drone  
  104  7:22  Drone  
  107  7:23  Drone x2  
  107  7:26  Overlord  
  107  7:29  Roach  
  111  7:30  Ravager x7  
  111  7:32  Drone  
  111  7:34  Roach x3  
  124  7:42  Zerg Missile Weapons Level 2  
  124  7:43  Drone  
  125  7:45  Roach x3  
  125  7:46  Roach  
  133  7:57  Roach  
  133  7:58  Roach x5  
  145  8:05  Overlord  
  145  8:07  Overlord  
  145  8:25  Roach x7  
  145  8:26  Roach x3  
  159  8:30  Overlord x2  
  159  8:38  Ravager x2  
  157  8:48  Ravager x5  
  161  8:51  Roach x9  
  177  8:58  Overlord x2  
  177  9:07  Hatchery  
  176  9:21  Roach x3  
  176  9:22  Roach x7  
  166  9:28  Roach x7  
  141  9:37  Roach  
  114  9:40  Zerg Ground Armor Level 1, Tunneling Claws  
  114  9:41  Burrow  
  114  9:43  Roach x2  
  114  9:53  Ravager x2  
  114  9:56  Roach  
  114  9:57  Roach x2  
  122  10:06  Roach x3  
  128  10:09  Ravager  
  128  10:14  Queen  
  129  10:15  Drone x4  
  129  10:17  Ravager x2  
  129  10:19  Roach x3  
  143  10:25  Drone  
  143  10:27  Extractor  
  143  10:28  Extractor  
  143  10:29  Roach x4  
  143  10:33  Ravager  
  143  10:35  Ravager  
  152  10:39  Drone  
  153  10:43  Roach  
  153  10:44  Roach x5  
  153  10:46  Roach x2  
  153  10:48  Zergling x10  
  174  10:53  Roach x4  
  178  11:02  Roach x4  
  186  11:07  Roach x4  
  176  11:13  Queen  
  176  11:16  Roach x3  
  166  11:20  Roach x2  
  166  11:21  Roach  
  166  11:25  Roach x2  
  172  11:28  Ravager x4  
  176  11:33  Zergling x2  
  176  11:34  Zergling x10  
  176  11:36  Ravager  
  176  11:37  Ravager x2  
Show
View Real Time Build Order
Export as new Build Order

Happy Terran - Winner!

Build Orders: Reaper Expand, MMM Bio 

Get SALT Encoding   

  12  0:00  SCV  
  13  0:12  SCV  
  14  0:17  Supply Depot  
  14  0:24  SCV  
  15  0:39  SCV  
  15  0:41  Barracks  
  16  0:45  Refinery  
  16  0:51  SCV  
  17  1:03  SCV  
  18  1:15  SCV  
  19  1:28  Orbital Command, Reaper  
  20  1:42  Command Center  
  20  1:48  Refinery  
  20  1:53  SCV  
  21  2:01  Barracks Reactor  
  21  2:05  SCV  
  21  2:08  Supply Depot  
  22  2:17  SCV  
  23  2:24  Factory  
  23  2:40  SCV  
  23  2:41  Marine x2  
  26  2:45  Bunker  
  26  2:52  SCV  
  26  2:55  Orbital Command  
  27  2:59  Marine x2  
  27  3:04  SCV  
  30  3:11  Starport  
  30  3:15  Factory Tech Lab  
  30  3:18  SCV  
  31  3:22  SCV  
  32  3:31  Marine  
  32  3:32  SCV  
  32  3:34  Siege Tank, Marine  
  36  3:36  SCV  
  38  3:44  SCV  
  38  3:45  Supply Depot  
  38  3:47  Bunker  
  39  3:51  Medivac  
  39  3:53  SCV  
  42  3:56  SCV  
  42  3:58  Marine x2  
  45  4:07  Liberator  
  45  4:15  Command Center  
  45  4:18  SCV  
  45  4:21  SCV  
  47  4:30  Stimpack  
  50  4:33  Engineering Bay, SCV  
  51  4:38  Engineering Bay  
  51  4:44  SCV  
  52  4:49  Marine  
  53  4:55  Barracks  
  53  4:56  SCV, Barracks  
  54  5:04  SCV  
  54  5:06  Refinery  
  54  5:08  Refinery  
  54  5:11  Supply Depot  
  54  5:14  Terran Infantry Weapons Level 1  
  54  5:16  Terran Infantry Armor Level 1  
  54  5:22  Supply Depot  
  54  5:25  Liberator  
  54  5:27  SCV x2  
  56  5:33  Marine  
  56  5:34  Factory Reactor  
  57  5:36  Barracks  
  57  5:38  Barracks  
  57  5:39  SCV x2  
  61  5:51  Orbital Command, SCV  
  61  5:53  Barracks Tech Lab  
  63  5:59  Missile Turret  
  63  6:00  Barracks Reactor  
  63  6:02  Barracks Reactor  
  63  6:03  SCV  
  63  6:04  Missile Turret, SCV  
  63  6:08  Supply Depot  
  64  6:19  Orbital Command, SCV x2  
  64  6:21  Marine  
  64  6:24  Missile Turret  
  64  6:25  Supply Depot, Barracks Reactor  
  67  6:26  Armory  
  67  6:29  Barracks Reactor  
  67  6:31  SCV x2  
  69  6:42  Missile Turret, Marine x2  
  69  6:43  SCV x2  
  73  6:47  SCV  
  73  6:48  Missile Turret, Marine x2  
  73  6:50  Marine  
  77  6:55  SCV  
  77  7:00  SCV  
  77  7:04  Refinery, Missile Turret  
  77  7:07  Marine x4  
  77  7:08  Supply Depot, Marine  
  80  7:10  SCV, Medivac  
  80  7:12  SCV  
  80  7:14  SCV  
  85  7:22  SCV  
  86  7:24  SCV  
  86  7:25  Terran Infantry Weapons Level 2  
  86  7:28  Marine  
  88  7:33  Terran Infantry Armor Level 2  
  88  7:34  SCV x2  
  88  7:35  Marine x3  
  93  7:37  Medivac  
  93  7:38  SCV  
  93  7:41  Supply Depot  
  93  7:42  Refinery  
  96  7:50  Marine x3  
  98  7:52  Marine  
  98  7:53  Barracks Reactor  
  98  8:03  Factory  
  98  8:04  Factory Tech Lab, Barracks Tech Lab  
  98  8:05  SCV, Barracks  
  98  8:07  Bunker  
  98  8:08  Bunker, SCV  
  99  8:15  Medivac  
  99  8:16  Medivac, Marine x5  
  99  8:18  Marine x2  
  99  8:19  Supply Depot, SCV  
  111  8:23  Marine x2  
  111  8:26  Combat Shields  
  110  8:27  Siege Tank  
  110  8:28  SCV x2  
  110  8:34  Marine x2  
  112  8:35  Marine  
  112  8:38  Bunker  
  112  8:40  Marine x2  
  112  8:41  Marine x3  
  117  8:42  Marauder  
  116  8:51  Marine x3  
  116  8:52  Marine  
  119  8:57  Marine x2  
  119  8:58  Refinery, Marine  
  122  9:03  Factory Tech Lab, Marauder, Marine  
  122  9:09  Supply Depot x2  
  125  9:19  Marine  
  125  9:22  Siege Tank  
  125  9:24  Marauder, Marine  
  118  9:31  Marine x5  
  102  9:36  SCV x2  
  102  9:37  SCV  
  101  9:40  Siege Tank, Marine x2  
  101  9:42  Marine  
  101  9:43  Medivac x2  
  101  9:44  Marine  
  101  9:45  Marine  
  113  9:46  Marauder  
  113  9:48  SCV, Marine x2  
  113  9:49  SCV  
  113  9:51  Marine  
  120  9:54  Siege Tank  
  120  9:55  Marine  
  120  9:59  Marine x2  
  125  10:01  Marine x2  
  125  10:04  Marine  
  125  10:05  Marine  
  129  10:07  Marauder  
  129  10:11  Marine  
  129  10:12  Supply Depot, Medivac  
  129  10:13  Supply Depot, Medivac, Marine  
  136  10:15  Concussive Shells  
  136  10:16  Marine  
  136  10:17  Barracks, Marine x2  
  139  10:27  Marine  
  140  10:34  Marauder, Marine x2  
  140  10:35  Marine x2  
  145  10:42  Marine  
  146  10:44  Marine  
  146  10:47  Supply Depot, Command Center  
  146  10:49  Supply Depot  
  148  10:52  Siege Tank  
  148  10:55  Marine  
  148  10:56  Marauder  
  151  11:03  Siege Tank  
  154  11:04  Marine x2  
  154  11:09  Missile Turret  
  151  11:14  Marine  
  151  11:15  Marine x2  
  151  11:16  Barracks Tech Lab  
  151  11:17  Marauder  
  153  11:20  Marine x2  
  153  11:23  Marine  
  153  11:24  Siege Tank  
  158  11:30  Supply Depot  
  158  11:35  Siege Tank  
  158  11:38  Marauder, Marine x2  
  158  11:39  Marauder  
  167  11:40  Marine  
  167  11:44  Marine  
Tags
 
Add a new tag
Caveats
  • Supply blocks, unpowered buildings, or Contaminate may cause inaccurate times.
  • Supply counts are checked every 10 seconds.